 Dungeon Crawl Stone Soup version 0.29.1-12-g30fa7ad0bf (webtiles) character file.

Game seed: 14490042101557348002

3978 Darkzero23 the Cleaver (level 10, -17/136 HPs)
             Began as a Minotaur Berserker on Dec 20, 2022.
             Was an Elder of Trog.
             Demolished by a two-headed ogre
             ... wielding a +0 giant club
              (24 damage)
             ... on level 9 of the Dungeon on Dec 22, 2022.
             The game lasted 00:35:28 (11261 turns).

Darkzero23 the Cleaver (Minotaur Berserker)        Turns: 11261, Time: 00:35:29

Health: -17/136    AC: 16    Str: 26    XL:     10   Next: 2%
Magic:  18/18      EV: 10    Int:  4    God:    Trog [****..]
Gold:   417        SH:  0    Dex: 10    Spells: 9/9 levels left

rFire   . . .      SeeInvis .   a - +0 hand axe
rCold   + . .      Faith    .   (no shield)
rNeg    . . .      Spirit   .   E - +0 storm dragon scales
rPois   .          Reflect  .   (helmet restricted)
rElec   +          Harm     .   (no cloak)
rCorr   .          Rampage  .   w - +0 pair of gloves
Will    .....                   (no boots)
Stlth   ..........              (no amulet)
HPRegen 0.32/turn               t - ring of protection from cold
MPRegen 0.16/turn               x - ring of magical power

@: berserking, very quick
A: horns 2, retaliatory headbutt
a: Renounce Religion, Berserk, Trog's Hand, Brothers in Arms


You were on level 9 of the Dungeon.
You worshipped Trog.
Trog was greatly pleased with you.
You visited 2 branches of the dungeon, and saw 8 of its levels.

You collected 417 gold pieces.

Inventory:

Hand Weapons
 a - a +0 hand axe (weapon)
 d - a +0 dagger
 j - a +0 short sword
 k - a +0 short sword
 m - a +0 club
 o - a +0 sling
Missiles
 l - 85 stones (quivered)
Armour
 b - a +0 animal skin
 e - a +0 ring mail
 u - a +0 scale mail
 v - a +0 ring mail
 w - a +0 pair of gloves (worn)
 C - a +0 chain mail
 E - +0 storm dragon scales (worn)
 F - a +0 pair of gloves
 L - a +0 helmet
Jewellery
 c - a +4 ring of slaying
 t - a ring of protection from cold (left hand)
 x - a ring of magical power (right hand)
Wands
 H - a wand of charming (11)
 J - a wand of iceblast (11)
Scrolls
 h - 7 scrolls of identify {unknown}
 n - a scroll of enchant weapon {unknown}
 q - 5 scrolls of teleportation {unknown}
 r - a scroll of torment {unknown}
 s - a scroll of blinking {unknown}
 y - 3 scrolls of magic mapping {unknown}
 z - a scroll of poison {unknown}
 D - a scroll of butterflies {unknown}
 I - 2 scrolls of vulnerability {unknown}
 M - a scroll of fear {unknown}
Potions
 f - 2 potions of lignification {unknown}
 g - 3 potions of brilliance {unknown}
 i - 3 potions of heal wounds {unknown}
 p - 4 potions of attraction {unknown}
 A - 3 potions of degeneration {unknown}
 B - 2 potions of cancellation {unknown}
 G - 3 potions of mutation {unknown}
 K - a potion of haste {unknown}


   Skills:
 + Level 9.0 Fighting
 + Level 11.1 Axes
 + Level 10.2 Armour
 + Level 4.4 Dodging
 + Level 1.3 Stealth


You had 9 spell levels left.
You didn't know any spells.
Your spell library contained the following spells:

 Spells                   Type           Power      Damage    Failure   Level
 Blink                    Tloc           0%         N/A       99%         2
 Poisonous Vapours        Pois/Air       0%         N/A       99%         2
 Corpse Rot               Necr/Pois/Air  0%         N/A       100%        4
 Manifold Assault         Tloc           0%         N/A       100%        5
 Storm Form               Tmut/Air       0%         N/A       100%        7


Dungeon Overview and Level Annotations

Branches:
Dungeon (9/15)             Temple (1/1) D:4
   Lair: D:8-11         Orc: D:9-12

Altars:
Ashenzari
Cheibriados
Dithmenos
Fedhas
Gozag
Hepliaklqana
Kikubaaqudgha
Makhleb
Nemelex Xobeh
Okawaru
Qazlal
Ru
Sif Muna
Trog
Uskayaw
Vehumet
Wu Jian
Xom
Yredelemnul
Zin
The Shining One

Shops:
D:4 *   D:5 *   D:9 *:


Innate Abilities, Weirdness & Mutations

You have a pair of horns on your head.
You reflexively headbutt those who attack you in melee.


Message History

The two-headed ogre hits you with a +0 giant club!!
The two-headed ogre barely misses you.
You hit the two-headed ogre. You headbutt the two-headed ogre.
The two-headed ogre is moderately wounded.
You barely miss the two-headed ogre.
The two-headed ogre is moderately wounded.
The two-headed ogre hits you with a +0 giant club!
The two-headed ogre hits you with a +0 giant spiked club!
You hit the two-headed ogre.
The two-headed ogre is heavily wounded.
You hit the two-headed ogre but do no damage.
The two-headed ogre is heavily wounded.
The two-headed ogre hits you with a +0 giant club!!
* * * LOW HITPOINT WARNING * * *
The two-headed ogre closely misses you.
A red film seems to cover your vision as you go berserk!
You feel yourself moving faster!
You feel mighty!
You closely miss the two-headed ogre.
The two-headed ogre is moderately wounded.
The two-headed ogre barely misses you. You furiously retaliate!
You headbutt the two-headed ogre.
The two-headed ogre hits you but does no damage.
You hit the two-headed ogre.
The two-headed ogre is heavily wounded.
You slash the two-headed ogre! You headbutt the two-headed ogre.
The two-headed ogre is severely wounded.
You slash the two-headed ogre!
The two-headed ogre is almost dead.
The two-headed ogre hits you with a +0 giant club!
* * * LOW HITPOINT WARNING * * *
The two-headed ogre hits you with a +0 giant spiked club!
* * * LOW HITPOINT WARNING * * *
You are too berserk!
Found a scroll labelled OZUHAFUSO JATT and 11 gold pieces.
You barely miss the two-headed ogre.
The two-headed ogre is almost dead.
The two-headed ogre hits you with a +0 giant club!
* * * LOW HITPOINT WARNING * * *
The two-headed ogre hits you with a +0 giant spiked club!!
You die...

..# #.# #.#
#.############ #########
#........##... $.......#
#........##... ........#
#........##...
.......O#+#........''...
.......@!..#.......##...
...................##...
?..................##...
#####..............##...
#.......#..#+####...
#####'#.#..#.#...... #.
........#.#.##...
#.###.#.##.#.#.#####
#..........#.#.#####


You could see a two-headed ogre.

Vanquished Creatures
  6 yaks (D:9)
  Eustachio (D:6)
  Menkaure (D:6)
  Edmund (D:5)
  An orc warrior (D:9)
  A black bear (D:5)
  An ice beast (D:6)
  3 ogres
  3 centaurs
  3 phantoms (D:6)
  A kobold brigand (D:9)
  Blork the orc (D:6)
  A bullfrog (D:6)
  3 scorpions
  8 killer bees (D:9)
  A howler monkey (D:4)
  An electric eel (D:9)
  2 gnoll boudas
  A hound (D:5)
  3 jellies (D:6)
  4 orc priests
  Natasha (thrice) (D:3)
  3 iguanas
  4 orc wizards
  Robin (D:3)
  10 gnolls
  10 adders
  A river rat (D:3)
  A shadow imp (D:6)
  2 white imps (D:6)
  An ufetubus (D:5)
  A worm (D:3)
  2 dart slugs
  17 orcs
  10 ball pythons
  5 endoplasms
  5 giant cockroaches
  12 goblins
  14 hobgoblins
  7 jackals
  12 kobolds
  4 quokkas
  4 bats
  A frilled lizard (D:3)
  2 rats
179 creatures vanquished.

Vanquished Creatures (others)
  3 plants (D:1)
  10 withered plants (D:1)
13 creatures vanquished.

Grand Total: 192 creatures vanquished

Notes
Turn   | Place    | Note
-------+----------+-------------------------------------------
     0 | D:1      | Darkzero23 the Minotaur Berserker began the quest for the
                  | Orb.
     0 | D:1      | Reached XP level 1. HP: 19/19 MP: 0/0
   217 | D:1      | Reached skill level 4 in Axes
   217 | D:1      | Reached XP level 2. HP: 27/27 MP: 1/1
  1073 | D:1      | Found a faded altar of an unknown god.
  1553 | D:2      | Reached XP level 3. HP: 34/34 MP: 2/2
  1721 | D:2      | Reached ** piety under Trog
  2181 | D:2      | Reached XP level 4. HP: 41/41 MP: 3/3
  2324 | D:3      | Reached skill level 5 in Axes
  2534 | D:3      | Reached XP level 5. HP: 43/47 MP: 4/4
  2620 | D:3      | Noticed Natasha
  2626 | D:3      | Killed Natasha
  2678 | D:3      | Noticed Natasha
  2689 | D:3      | Killed Natasha
  2753 | D:3      | Noticed Natasha
  2767 | D:3      | Killed Natasha
  2768 | D:3      | Reached skill level 5 in Fighting
  2768 | D:3      | Found a glowing drain.
  3067 | D:3      | Reached XP level 6. HP: 56/56 MP: 5/5
  3120 | D:3      | Reached *** piety under Trog
  3120 | D:3      | Noticed Robin
  3132 | D:3      | Killed Robin
  3765 | D:4      | Found Izoceh's General Store.
  3867 | D:4      | Reached skill level 6 in Axes
  3867 | D:4      | Reached skill level 5 in Armour
  4532 | D:4      | Reached XP level 7. HP: 33/61 MP: 6/6
  4819 | D:4      | Found a staircase to the Ecumenical Temple.
  4826 | Temple   | Entered the Ecumenical Temple
  4826 | Temple   | Found a transporter.
  4826 | Temple   | Found a transporter.
  4828 | Temple   | Found a transporter.
  4828 | Temple   | Found a transporter.
  4930 | D:5      | Entered Level 5 of the Dungeon
  4954 | D:5      | Reached skill level 7 in Axes
  5116 | D:5      | Found Piptaisa's Lightly-Used Armoury.
  5253 | D:5      | Noticed Edmund
  5265 | D:5      | HP: 1/62 [Edmund/bolt of dispelling energy (15)]
  5274 | D:5      | Killed Edmund
  5287 | D:5      | Reached skill level 8 in Axes
  5287 | D:5      | Reached XP level 8. HP: 36/70 MP: 7/7
  5578 | D:5      | Found a shimmering altar of Xom.
  5596 | D:5      | Found a shimmering altar of Xom.
  6526 | D:6      | Noticed Blork the orc
  6536 | D:6      | Reached skill level 9 in Axes
  6541 | D:6      | Killed Blork the orc
  6760 | D:6      | Reached **** piety under Trog
  7304 | D:6      | Noticed Menkaure
  7314 | D:6      | Killed Menkaure
  8212 | D:6      | Reached skill level 1 in Stealth
  8212 | D:6      | Reached XP level 9. HP: 71/79 MP: 8/8
  8306 | D:6      | Noticed Eustachio
  8328 | D:6      | Killed Eustachio
  8805 | D:6      | You fall into a shaft and drop 3 floors!
  9284 | D:9      | Reached skill level 10 in Axes
  9307 | D:9      | Reached skill level 10 in Armour
 10200 | D:9      | Found an ornate altar of the Wu Jian Council.
 10224 | D:9      | Reached skill level 11 in Axes
 10611 | D:9      | Found Runos's Book Shoppe.
 10646 | D:9      | Found Xuboanext's Assorted Antiques.
 10662 | D:9      | Reached XP level 10. HP: 84/91 MP: 9/9
 11249 | D:9      | Noticed a two-headed ogre
 11261 | D:9      | Demolished by a two-headed ogre

Illustrated notes

Levels and vault maps discovered:
D:1:      erik_arrival_cave_to_civilisation [erik_arrival_cave_to_hall],
          layout_basic, shapermc_ecumenical_altar_flowoftime
D:2:      layout_loops_ring
D:3:      kennysheep_big_flooded_room, layout_loops_ring,
          cheibrodos_sewer_entry_sluice, uniq_natasha, uniq_robin
D:4:      minmay_evil_eye, layout_cave_pools,
          minmay_temple_entry_enclosed_plants, serial_shops, shop,
          nicolae_hexahallways, minmay_tree_intersection, sigmund_army
D:5:      layout_basic, xom_redecorated, minmay_shop_damaged, uniq_edmund
D:6:      layout_layer_cave, grunt_ministairs_5, uniq_blork_the_orc,
          uniq_menkaure, uniq_eustachio
D:9:      layout_basic, kennysheep_mini, nicolae_wooded_promenade,
          kennysheep_cross_bottleneck
Temple:   hellmonk_temple_divided_pantheon

Skill      XL: |  1  2  3  4  5  6  7  8  9 |
---------------+----------------------------+-----
Axes           | 4 5 6 8 9 11 | 11.1
Fighting       | 4 5 6 7 9 |  9.0
Armour         | 3 4 5 6 8 10 | 10.2
Dodging        | 3 4 |  4.4
Stealth        | 1 |  1.3

Action                   |  1- 3 |  4- 6 |  7- 9 | 10-12 || total
-------------------------+-------+-------+-------+-------++-------
Melee: Hand axe          |   112 |   144 |   356 |    24 ||   636
       Headbutt          |    25 |    14 |    71 |     4 ||   114
       Punch             |       |     2 |     2 |       ||     4
Invok: Berserk           |       |     3 |     4 |     1 ||     8
       Trog's Hand       |       |     1 |     1 |       ||     2
  Use: Potion            |       |       |     7 |       ||     7
Armor: Animal skin       |     7 |       |       |       ||     7
       Ring mail         |    26 |       |       |       ||    26
       Scale mail        |     5 |    28 |       |       ||    33
       Chain mail        |       |    14 |       |       ||    14
       Storm dragon scal |       |    30 |   191 |     5 ||   226
Dodge: Dodged            |    41 |    68 |   178 |     3 ||   290
